 Dungeon Crawl Stone Soup version 0.27-a0-1193-g8631133539 (webtiles) character file.

Game seed: 16288117997736424149

368 pcat the Conjurer (level 6, -1/35 HPs)
             Began as a Deep Elf Conjurer on May 26, 2021.
             Slain by a mummy (7 damage)
             ... in an ossuary.
             The game lasted 00:10:32 (3581 turns).

pcat the Conjurer (Deep Elf Conjurer)               Turns: 3581, Time: 00:10:33

Health: -1/35      AC:  3    Str:  4    XL:     6   Next: 41%
Magic:  17/17      EV: 12    Int: 31    God:
Gold:   146        SH:  0    Dex: 13    Spells: 14/17 levels left

rFire    . . .     SeeInvis .   d - +1 dagger
rCold    . . .     Faith    .   (no shield)
rNeg     . . .     Spirit   .   a - +0 robe
rPois    .         Reflect  .   o - +0 hat
rElec    .         Harm     .   (no cloak)
rCorr    .         Rampage  .   l - +0 pair of gloves
Will     .....                  (no boots)
Stlth    +.........             m - amulet of magic regeneration
HPRegen  0.11/turn              q - +6 ring of intelligence
MPRegen  0.40/turn              (no ring)

@: confused, ambrosia-drunk
A: no striking features
a: no special abilities


You were in an ossuary.
You visited 1 branch of the dungeon, and saw 4 of its levels.
You also visited: Ossuary.

You collected 146 gold pieces.

Inventory:

Hand Weapons
 d - a +1 dagger (weapon)
Missiles
 g - 115 stones
Armour
 a - a +0 robe (worn)
 l - a +0 pair of gloves (worn)
 o - a +0 hat (worn)
Jewellery
 m - an amulet of magic regeneration (around neck)
 q - a +6 ring of intelligence (left hand)
Wands
 f - a wand of digging (3)
 i - a wand of acid (8)
Scrolls
 p - a scroll of fog
Potions
 b - a potion of flight {unknown}
 c - a potion of ambrosia
 e - a potion of curing {unknown}
 h - a potion of invisibility {unknown}
 j - a potion of brilliance {unknown}
 k - 2 potions of heal wounds {unknown}


   Skills:
 + Level 2.0 Fighting
 - Level 2.4 Dodging
 - Level 2.4 Stealth
 * Level 6.0 Spellcasting
 * Level 6.5 Conjurations


You had 14 spell levels left.
You knew the following spells:

 Your Spells              Type           Power      Damage    Failure   Level
a - Magic Dart            Conj           100%       1d8       1%          1
b - Searing Ray           Conj           100%       3d7       1%          2

Your spell library contained the following spells:

 Spells                   Type           Power      Damage    Failure   Level
 Dazzling Flash           Conj/Hex       58%        N/A       3%          3
 Fulminant Prism          Conj/Hex       14%        3d9       13%         4
 Iskenderun's Mystic Bla  Conj/Tloc      29%        2d7       13%         4


Dungeon Overview and Level Annotations

Branches:
Dungeon (4/15)            Ossuary (1/1)
 Temple: D:4-7

Altars:
Qazlal
Uskayaw
Yredelemnul


Message History

The searing ray hits the orc zombie!
You destroy the orc zombie!
You finish channeling your searing ray.
The human zombie hits you.
Casting: Searing Ray (safe; 1% risk of failure)
Confirm with . or Enter, or press ? or * to list all spells.
Aiming: Searing Ray (safe; 1% risk of failure)
Press: ? - help, Shift-Dir - straight line, f - orc zombie
Aim: an orc zombie (94% to hit)
Okay, then.
A mummy comes into view.
The elf zombie hits you.
Casting: Searing Ray (safe; 1% risk of failure)
Confirm with . or Enter, or press ? or * to list all spells.
Aiming: Searing Ray (safe; 1% risk of failure)
Press: ? - help, Shift-Dir - straight line The searing ray hits the elf zombie!
The elf zombie is lightly damaged.
The searing ray hits the elf zombie!
The elf zombie is lightly damaged. (Press . to maintain the ray.)
The elf zombie hits you.
The searing ray hits the elf zombie!
The elf zombie is moderately damaged.
The searing ray misses the elf zombie.
The searing ray hits the orc zombie!
You destroy the orc zombie!
The human zombie closely misses you.
The searing ray hits the elf zombie!!
The elf zombie is heavily damaged.
The searing ray hits the elf zombie!
The elf zombie is heavily damaged.
The elf zombie hits you but does no damage.
The mummy hits you!!
Ouch! That really hurt!
* * * LOW HITPOINT WARNING * * *
The human zombie hits you but does no damage.
You are confused.
You feel invigorated. The elf zombie hits you.
* * * LOW HITPOINT WARNING * * *
The mummy hits you!
You die...

.##...............
...................
...................
...................
..........∩........
..........∩.........
.....................
.....................
...........@..M.....
.##.......MZZ.....#
.##........Z......##.
...........Z.........
.............Z.......
........#####........
........Z.Z..Z.......
..........∩..........
#####################


You could see 2 mummies, 2 gnoll zombies, 2 elf zombies and 2 human zombies.

Vanquished Creatures
  An ogre (D:4)
  An orc priest (D:3)
  A hound (D:4)
  An iguana (D:3)
  A hound skeleton (D:4)
  A mummy (D:4)
  A gnoll (D:1)
  6 adders
  A worm (D:2)
  3 dart slugs
  6 orcs (D:3)
  6 bats
  5 endoplasms
  6 giant cockroaches
  11 goblins
  9 hobgoblins
  2 quokkas (D:2)
  8 ball pythons
  12 frilled lizards
  A goblin zombie (Ossuary)
  A hobgoblin zombie (Ossuary)
  A jackal zombie (Ossuary)
  5 kobolds (D:1)
  A kobold zombie (Ossuary)
  2 orc zombies (Ossuary)
  10 rats
103 creatures vanquished.

Vanquished Creatures (others)
  7 plants (D:3)
7 creatures vanquished.

Grand Total: 110 creatures vanquished

Notes
Turn   | Place    | Note
-------+----------+-------------------------------------------
     0 | D:1      | pcat the Deep Elf Conjurer began the quest for the Orb.
     0 | D:1      | Reached XP level 1. HP: 10/10 MP: 6/6
   258 | D:1      | Reached XP level 2. HP: 15/15 MP: 6/8
   795 | D:1      | Reached skill level 5 in Conjurations
   798 | D:1      | Learned a level 2 spell: Searing Ray
   991 | D:1      | Reached XP level 3. HP: 18/20 MP: 6/10
  1504 | D:1      | Found a faded altar of an unknown god.
  2039 | D:2      | Reached XP level 4. HP: 24/24 MP: 9/12
  2162 | D:2      | Reached skill level 1 in Fighting
  2311 | D:2      | Found a hide-covered altar of Uskayaw.
  2536 | D:3      | Found a stormy altar of Qazlal.
  2693 | D:3      | Reached XP level 5. HP: 29/29 MP: 12/14
  2876 | D:3      | Reached skill level 5 in Spellcasting
  3360 | D:4      | Found a basalt altar of Yredelemnul.
  3418 | D:4      | Noticed an ogre
  3424 | D:4      | Killed an ogre
  3425 | D:4      | Reached XP level 6. HP: 35/35 MP: 12/16
  3537 | D:4      | Found a sand-covered staircase.
  3549 | Ossuary  | Entered an ossuary
  3581 | Ossuary  | Slain by a mummy

Illustrated notes

Levels and vault maps discovered:
D:1:      giann_bridges, layout_basic, hellmonk_ecumenical_altar_prayer_group
D:2:      layout_basic, basic_altar
D:3:      layout_basic, lemuel_crystal_altar, minmay_lizard_king
D:4:      layout_basic, lemuel_crystal_altar, lemuel_coloured_pillars_altar,
          nicolae_ossuary_entry_giza
Ossuary:  ossuary_minmay_tomb_2a

Skill      XL: |  1  2  3  4  5  6 |
---------------+-------------------+-----
Conjurations   | 5 6 |  6.5
Spellcasting   | 4 5 6 |  6.0
Fighting       | 1 2 |  2.0
Dodging        | |  2.4
Stealth        | |  2.4

Action                   |  1- 3 |  4- 6 || total
-------------------------+-------+-------++-------
Melee: Dagger            |       |    16 ||    16
 Cast: Magic Dart        |    76 |    61 ||   137
       Searing Ray       |     1 |    13 ||    14
  Use: Scroll            |       |     7 ||     7
       Potion            |       |     1 ||     1
 Stab: Sleeping          |       |     3 ||     3
Armor: Robe              |       |    12 ||    12
Dodge: Dodged            |     5 |    17 ||    22

Table legend: (Time is in decaauts)
 A = Elapsed time spent in this place.
 B = Non-inter-level travel time spent in this place.
 C = Inter-level travel time spent in this place.
 D = Time resting spent in this place.
 E = Time spent auto-exploring this place.
 F = Levels seen in this place.
 G = Mean time per level.
                   A        B        C        D        E       F      G
               +--------+--------+--------+--------+--------+-----+--------+
         Total |   3579 |   3488 |     91 |    521 |   2431 |   5 |  715.8 |
       Dungeon |   3547 |   3456 |     91 |    521 |   2431 |   4 |  886.8 |
       Ossuary |     31 |     31 |      0 |      0 |      0 |   1 |   31.0 |
               +--------+--------+--------+--------+--------+-----+--------+

Top non-repeatable levels by time:
     D:1: 1759 daAuts
     D:2: 775 daAuts
     D:3: 705 daAuts
     D:4: 306 daAuts
 Ossuary: 31 daAuts
